 Dungeon Crawl Stone Soup version 0.25-a0-577-ga4619f409e (webtiles) character file.

Game seed: 7311011204088565681, levelgen mode: deterministic

16 Forecaster the Magician (level 2, 0/22 HPs)
             Began as a Naga Wizard on Mar 2, 2020.
             Succumbed to a hobgoblin's poison
             ... on level 1 of the Dungeon.
             The game lasted 00:02:03 (386 turns).

Forecaster the Magician (Naga Wizard)                Turns: 386, Time: 00:02:04

Health: 0/22       AC:  1    Str:  9    XL:     2   Next: 54%
Magic:  1/6        EV: 10    Int: 18    God:
Gold:   12         SH:  0    Dex:  9    Spells: 3/8 levels left

rFire    . . .     SeeInvis +   c - +0 club
rCold    . . .     Gourm    .   (no shield)
rNeg     . . .     Faith    .   a - +0 robe
rPois    +         Spirit   .   b - +0 hat
rElec    .         Reflect  .   (no cloak)
rCorr    .         Harm     .   (no gloves)
MR       .....                  (no barding)
Stlth    ++........             (no amulet)
HPRegen  0.07/turn              (no ring)
MPRegen  0.10/turn              (no ring)

@: lethally poisoned (0 -> -10), very slow
A: large, see invisible, deformed body, poison resistance, slowness 2, slow
metabolism 1, spit poison 1, AC +0
a: Spit Poison


You were on level 1 of the Dungeon.
You were not hungry.

You visited 1 branch of the dungeon, and saw 1 of its levels.

You collected 12 gold pieces.

Inventory:

Hand Weapons
 c - a +0 club (weapon)
Armour
 a - a +0 robe (worn)
 b - a +0 hat (worn)
Comestibles
 d - 2 rations
 f - 5 chunks of flesh


   Skills:
 + Level 1.6 Dodging
 + Level 3.0 Stealth
 + Level 3.6 Spellcasting
 + Level 1.0 Conjurations
 + Level 1.0 Summonings
 + Level 1.0 Translocations


You had 3 spell levels left.
You knew the following spells:

 Your Spells              Type           Power        Failure   Level  Hunger
a - Magic Dart            Conj           #...         10%         1    None
b - Call Imp              Summ           #.......     16%         2    ##.....
c - Blink                 Tloc           N/A          16%         2    ##.....

Your spell library contained the following spells:

 Spells                   Type           Power        Failure   Level  Hunger
 Slow                     Hex            #.......     24%         2    ##.....
 Conjure Flame            Conj/Fire      #.......     36%         3    ###....
 Mephitic Cloud           Conj/Pois/Air  #.......     36%         3    ###....


Dungeon Overview and Level Annotations

Branches:
Dungeon (1/15)

Altars:


Innate Abilities, Weirdness & Mutations

You cannot wear boots.
Your serpentine skin is tough. (AC +0)
You have supernaturally acute eyesight. (SInv)
Armour fits poorly on your strangely shaped body.
Your system is resistant to poisons. (rPois)
You cover ground very slowly.
You have a slow metabolism.
You can spit poison.


Message History

You feel sick.
The hobgoblin throws a poisoned dart.
The poisoned dart closely misses you.
A rat comes into view.
You feel sick.
The hobgoblin throws a poisoned dart.
The poisoned dart hits you!
The hobgoblin throws a poisoned dart.
The poisoned dart hits you!
You see here 2 poisoned darts.
You feel sick.
The hobgoblin throws a poisoned dart.
The poisoned dart barely misses you.
You feel sick. The hobgoblin hits you.
* * * LOW HITPOINT WARNING * * *
The hobgoblin hits you.
* * * LOW HITPOINT WARNING * * *
You hit the hobgoblin.
You kill the hobgoblin!
* * * LOW HITPOINT WARNING * * *
You feel sick.
* * * LOW HITPOINT WARNING * * *
You feel sick.
You die...

#.# # ##.## #. ##...##
#. .....# #.. ...#
#..###.# #......########
#.r..(.(((...#
#..##@######.#
..........####.#######
..##.#..................
#...##.#.####.#######
###. #.#.##.....# #.
#...##.###.## #.
#......# #..####..
##.....###........
#รท###.....#####.#


You could see a rat.

Vanquished Creatures
  A dart slug (D:1)
  A ball python (D:1)
  A goblin (D:1)
  5 hobgoblins (D:1)
  2 jackals (D:1)
10 creatures vanquished.

Vanquished Creatures (collateral kills)
  A jackal (D:1)
1 creature vanquished.

Grand Total: 11 creatures vanquished

Notes
Turn   | Place    | Note
-------+----------+-------------------------------------------
     0 | D:1      | Forecaster the Naga Wizard began the quest for the Orb.
     0 | D:1      | Reached XP level 1. HP: 15/15 MP: 4/4
   131 | D:1      | Reached XP level 2. HP: 15/22 MP: 1/6
   135 | D:1      | Learned a level 2 spell: Call Imp
   138 | D:1      | Learned a level 2 spell: Blink
   385 | D:1      | HP: 1/22 [poisoned by a hobgoblin]
   386 | D:1      | Succumbed to a hobgoblin's poison

Levels and vault maps discovered:
D:1:      onia_arrival_mini_spirals, layout_loops_ring

Action                   || total
-------------------------++-------
Melee: Unarmed           ||     5
       Club              ||    11
 Cast: Magic Dart        ||    24
       Call Imp          ||     2
Armor: Robe              ||     2
Dodge: Dodged            ||    12

Table legend:
 A = Non-vault XP
 B = Vault XP
 C = Vault XP percentage of total XP
 D = Non-vault monster count
 E = Vault monster count
 F = Vault count percentage of total count
                 A         B        C        D         E       F
            +---------+---------+-------+---------+---------+-------
      Total |      23 |       0 |   0.0 |      11 |       0 |   0.0
            +---------+---------+-------+---------+---------+-------
        D:1 |      23 |       0 |   0.0 |      11 |       0 |   0.0
            +---------+---------+-------+---------+---------+-------
